Map: Blackburn LE

Players

Future - Winner!

  • Race: Terran Terran

PureLegacy

  • Race: Terran Terran

Event: DreamHack SC2 Masters 2021 Summer

VOD

Have the link to the VOD?

Description

Time

  • Played on: May 26, 2021, 4:58 p.m.
  • Length: 5:16

All games in this series

Show
View Real Time Build Order
Export as new Build Order

Future Terran - Winner!

Build Orders:  

Get SALT Encoding   

  12  0:00  SCV  
  13  0:12  SCV  
  14  0:17  Supply Depot  
  14  0:24  SCV  
  15  0:38  SCV  
  15  0:40  Barracks  
  16  0:44  Refinery  
  16  0:51  SCV  
  17  1:03  SCV  
  18  1:05  Barracks  
  18  1:15  SCV  
  19  1:26  Reaper  
  19  1:28  Orbital Command  
  19  1:31  Supply Depot  
  20  1:52  Reaper  
  20  1:54  SCV  
  22  2:03  Reaper  
  22  2:06  SCV  
  24  2:18  SCV  
  24  2:20  Bunker  
  25  2:24  Supply Depot  
  25  2:25  Reaper  
  26  2:30  SCV  
  26  2:34  Refinery  
  27  2:39  Marine  
  27  2:42  SCV  
  29  2:54  SCV  
  30  2:59  Marine  
  30  3:02  Reaper  
  31  3:05  Supply Depot  
  31  3:13  SCV  
  28  3:21  Marine  
  26  3:29  SCV  
  24  3:34  Reaper  
  24  3:39  Marine  
  24  3:41  SCV  
  25  3:53  SCV  
  25  3:57  Reaper  
  25  4:05  SCV  
  25  4:06  Reaper  
  27  4:12  Bunker  
  27  4:15  Factory  
  27  4:17  SCV  
  28  4:29  SCV  
  28  4:31  Marine  
  29  4:38  Reaper  
  29  4:41  SCV  
  31  4:49  Marine  
  32  4:53  SCV, Supply Depot  
Show
View Real Time Build Order
Export as new Build Order

PureLegacy Terran 

Build Orders:  

Get SALT Encoding   

  12  0:00  SCV  
  13  0:12  SCV  
  14  0:18  Supply Depot  
  14  0:24  SCV  
  15  0:45  Barracks  
  15  0:46  Refinery  
  15  0:57  Barracks  
  15  1:14  Supply Depot  
  15  1:32  Barracks Tech Lab, Orbital Command  
  15  1:44  Barracks Tech Lab  
  15  1:50  Marauder  
  17  1:56  Concussive Shells  
  17  2:06  Marauder  
  19  2:14  Marauder  
  21  2:27  Marauder  
  23  2:39  Marauder  
  24  2:49  Marauder  
  26  3:04  Marauder  
  20  3:26  Marauder  
  16  3:27  Marauder  
  14  3:47  Marauder  
  14  3:52  Marauder  
  14  4:09  Marauder  
  14  4:14  Marauder  
  14  4:30  Marauder  
  16  4:35  Marauder  
  18  4:52  Marauder  
Tags
 
Add a new tag
Caveats
  • Supply blocks, unpowered buildings, or Contaminate may cause inaccurate times.
  • Supply counts are checked every 10 seconds.